 Dungeon Crawl Stone Soup version 0.31.0-32-g396128a36d (webtiles) character file.

Game seed: 15844993460795097732

2494 mainiacjoe the Devout (level 9, -7/53 HPs)
             Began as an Octopode Fire Elementalist on Mar 31, 2024.
             Was a Priest of Zin.
             Mangled by a +4 spectral quarterstaff (9 damage)
             ... created by Joseph
             ... on level 7 of the Dungeon.
             The game lasted 00:26:49 (7915 turns).

mainiacjoe the Devout (Octopode Fire Elementalist)  Turns: 7915, Time: 00:26:50

Health: -7/53      AC:  1    Str:  8    XL:     9   Next: 52%
Magic:  1/15       EV: 13    Int: 21    God:    Zin [***...]
Gold:   307        SH:  5    Dex: 12    Spells: 7/16 levels left

rFire   + . .        b - staff of fire {!a}
rCold   + . .        (no shield)
rNeg    . . .        (helmet restricted)
rPois   .            h - amulet of reflection
rElec   .            d - ring of protection from cold
rCorr   .            (no ring)
SInv    .            (no ring)
Will    .....        (no ring)
Stlth   +++          (no ring)
HPRegen 0.28/turn    (no ring)
MPRegen 0.14/turn    (no ring)
                     (no ring)

%: reflection
@: about to teleport
A: almost no armour, amphibious, 8 rings, camouflage 1, gelatinous body 1,
(nimble swimmer 1), tentacles
a: Renounce Religion, Recite, Vitalisation, Imprison, Donate Gold


You were on level 7 of the Dungeon.
You worshipped Zin.
Zin was most pleased with you.
You visited 2 branches of the dungeon, and saw 8 of its levels.
You also visited: Sewer.

You collected 341 gold pieces.
You donated 34 gold pieces to Zin.

Inventory:

Hand Weapons
 a - a +0 triple crossbow
 j - a +1 dagger
 p - a +0 mace of protection
 r - a +2 dagger of venom
 t - a +0 rapier
 x - a +3 flail of protection
Missiles
 c - 73 stones
 n - 4 javelins
 y - 8 boomerangs
 B - 3 atropa-tipped darts {=F}
Magical Staves
 b - a staff of fire (weapon) {!a}
Jewellery
 d - a ring of protection from cold (left tentacle)
 h - an amulet of reflection (around mantle)
 w - a ring of ice
Wands
 g - a wand of digging (6)
 u - a wand of flame (6)
Scrolls
 k - 8 scrolls of teleportation
 o - 2 scrolls of fog
 A - 4 scrolls of summoning
 C - a scroll of enchant armour
Potions
 e - 2 potions of magic
 f - 3 potions of brilliance
 i - 5 potions of curing
 l - 4 potions of enlightenment
 m - a potion of lignification
 q - a potion of resistance
 s - a potion of cancellation {unknown}
 v - a potion of might {unknown}
 z - 2 potions of mutation


   Skills:
 - Level 1.4 Fighting
 - Level 2.6 Dodging
 - Level 2.8 Stealth
 - Level 4.0 Spellcasting
 + Level 3.3 Conjurations
 - Level 3.0 Hexes
 - Level 8.0 Fire Magic
 + Level 8.4 Invocations


You had 7 spell levels left.
You knew the following spells:

 Your Spells              Type           Power      Damage    Failure   Level
a - Foxfire               Conj/Fire      100%       2x1d9     1%          1
b - Scorch                Fire           100%       2d9       1%          2
c - Inner Flame           Hex/Fire       40%        N/A       3%          3
d - Volatile Blastmotes   Fire/Tloc      62%        2d15      7%          3

Your spell library contained the following spells:

 Spells                   Type           Power      Damage    Failure   Level
 Flame Wave               Conj/Fire      42%        2d11      12%         4
 Cigotuvi's Dreadful Rot  Necr/Alch/Air  8%         N/A       19%         2
 Ignite Poison            Fire/Alch      31%        N/A       22%         4
 Sticky Flame             Fire/Alch      31%        2d7       22%         4
 Freezing Cloud           Conj/Ice/Air   4%         6-21      91%         5


Dungeon Overview and Level Annotations

Branches:
Dungeon (7/15)             Temple (1/1) D:6           Sewer (visited)

Altars:
Ashenzari
Cheibriados
Dithmenos
Fedhas
Gozag
Hepliaklqana
Kikubaaqudgha
Makhleb
Nemelex Xobeh
Okawaru
Qazlal
Ru
Sif Muna
Trog
Uskayaw
Vehumet
Wu Jian
Yredelemnul
Zin

Annotations:
D:3 1 runed translucent door, Crazy Yiuf
D:7 Joseph


Innate Abilities, Weirdness & Mutations

You cannot wear most types of armour.
You are amphibious.
You can wear up to eight rings at the same time.
Your skin changes colour to match your surroundings (Stealth+).
Your rubbery body absorbs attacks. (AC +1, EV +1)
((You are camouflaged when in or above water. (Stealth+)))
You have tentacles for arms and can constrict up to eight enemies at once.


Message History

Activating: Recite (0% risk of failure)
Press: ? - help, Dir - look around, f - activate
Okay, then.
Casting: Scorch (safe; 1% risk of failure)
Confirm with . or Enter, or press ? or * to list all spells.
You feel a surge of power!
Flames lash Joseph.
Joseph is moderately wounded.
Joseph's fire resistance burns away.
You feel sick.
You are no longer poisoned.
Joseph unwields a +4 spectral quarterstaff.
Joseph wields a +0 sling.
Joseph shoots a sling bullet.
The sling bullet barely misses you.
Casting: Scorch (safe; 1% risk of failure)
Confirm with . or Enter, or press ? or * to list all spells.
You feel a surge of power!
Flames lash Joseph.
Joseph is burned terribly!
Joseph is moderately wounded.
Joseph shoots a sling bullet.
The sling bullet hits you!
Casting: Scorch (safe; 1% risk of failure)
Confirm with . or Enter, or press ? or * to list all spells.
You feel a surge of power!
Flames lash Joseph.
Joseph is burned terribly!
Joseph is heavily wounded.
Joseph unwields a +0 sling.
Joseph wields a +4 spectral quarterstaff.
Joseph hits you with a +4 spectral quarterstaff!
* * * LOW HITPOINT WARNING * * *
You block the +4 spectral quarterstaff's attack.
A +4 spectral quarterstaff comes into view.
As you read the scroll of teleportation, it crumbles to dust.
You feel strangely unstable.
You feel yourself speed up.
The +4 spectral quarterstaff is engulfed in blazing flames.
Joseph shares his spectral weapon's damage!
The +4 spectral quarterstaff is engulfed in blazing flames.
Joseph shares his spectral weapon's damage!
Joseph completely misses you. The +4 spectral quarterstaff hits you!
* * * LOW HITPOINT WARNING * * *
The +4 spectral quarterstaff is engulfed in blazing flames.
Joseph shares his spectral weapon's damage!
You block Joseph's attack. The +4 spectral quarterstaff hits you!
You die...

#..### #....## ......
#.##.# #.# # #.##.#
#.# #.#####.#..######
#.#
.###.)(........#...#
#.#
#.....)@@...........#
#.#
#....######.#.#.#...#
#.# #...
.....#.##.####.# #..
.....###.##.###... ##
##..### #.........#
#.. #####.###.## ...
........# #)# #.)
####..### #.# ##..#
#.#


You could see Joseph (combustible) and a +4 spectral quarterstaff.

Vanquished Creatures
  Grinder (D:4)
  Sigmund (D:5)
  Eustachio (D:5)
  Edmund (D:5)
  Menkaure (D:7)
  Duvessa (D:5)
  An orc warrior (D:6)
  A sky beast (D:6)
  A black bear (D:5)
  A centaur (D:7)
  2 ogres
  2 phantoms (D:5)
  A kobold brigand (D:7)
  A brain worm (Sewer)
  2 bullfrogs
  A scorpion (D:4)
  Dowan (D:5)
  2 bombardier beetles (D:5)
  A sleepcap (D:5)
  5 hounds
  Jessica (D:2)
  2 orc wizards (D:5)
  Robin (D:4)
  6 adders
  10 gnolls
  4 river rats (Sewer)
  A shadow imp (D:6)
  A white imp (D:3)
  4 ufetubi
  3 dart slugs
  2 ribbon worms (Sewer)
  25 orcs
  13 ball pythons
  7 endoplasms
  2 giant cockroaches
  7 goblins
  9 hobgoblins
  4 jackals
  6 kobolds
  4 quokkas
  15 bats
  4 frilled lizards
  4 rats
163 creatures vanquished.

Vanquished Creatures (collateral kills)
  A ball python (D:4)
  5 goblins (D:4)
  4 hobgoblins (D:4)
10 creatures vanquished.

Vanquished Creatures (others)
  251 foxfires
251 creatures vanquished.

Grand Total: 424 creatures vanquished

Notes
Turn   | Place    | Note
-------+----------+-------------------------------------------
     0 | D:1      | mainiacjoe the Octopode Fire Elementalist began the quest
                  | for the Orb.
     0 | D:1      | Reached XP level 1. HP: 11/11 MP: 3/3
   203 | D:1      | Reached XP level 2. HP: 17/17 MP: 1/5
   206 | D:1      | Learned a level 2 spell: Scorch
   851 | D:2      | Found a glowing silver altar of Zin.
   878 | D:2      | Reached XP level 3. HP: 21/21 MP: 4/6
   882 | D:2      | Learned a level 3 spell: Inner Flame
  1187 | D:2      | Identified the +0 robe "Zaurgh" {+Blink rPois Str-2}
  1450 | D:3      | Found a runed translucent door.
  1452 | D:3      | Noticed Crazy Yiuf
  1472 | D:3      | Reached XP level 4. HP: 27/27 MP: 1/7
  1520 | D:3      | Noticed Jessica
  1523 | D:3      | Reached skill level 1 in Hexes
  1687 | D:2      | Killed Jessica
  1922 | D:2      | Reached XP level 5. HP: 19/31 MP: 1/8
  2137 | D:3      | Noticed an ogre
  2266 | D:3      | Killed an ogre
  2276 | D:3      | Reached skill level 5 in Fire Magic
  2483 | D:3      | Reached XP level 6. HP: 36/36 MP: 7/10
  2487 | D:3      | Learned a level 3 spell: Volatile Blastmotes
  2599 | D:2      | Became a worshipper of Zin the Law-Giver
  2864 | D:4      | Noticed Robin
  2877 | D:4      | Killed Robin
  3068 | D:4      | Reached * piety under Zin
  3472 | D:4      | Noticed Grinder
  3479 | D:4      | Killed Grinder
  3480 | D:4      | Reached XP level 7. HP: 41/41 MP: 6/11
  3917 | D:5      | Entered Level 5 of the Dungeon
  3955 | D:5      | Noticed Eustachio
  3975 | D:5      | Killed Eustachio
  4316 | D:5      | Noticed Sigmund
  4319 | D:5      | Killed Sigmund
  4320 | D:5      | Reached XP level 8. HP: 37/46 MP: 7/12
  4897 | D:5      | Noticed Duvessa
  4907 | D:5      | Killed Duvessa
  4908 | D:5      | Reached skill level 5 in Invocations
  4911 | D:5      | Noticed Dowan
  5001 | D:5      | Killed Dowan
  5485 | D:5      | Noticed Edmund
  5507 | D:5      | Killed Edmund
  5508 | D:5      | Reached XP level 9. HP: 41/51 MP: 6/14
  5778 | D:6      | Reached skill level 1 in Fighting
  5889 | D:6      | Found a glowing drain.
  5922 | Sewer    | Entered a sewer
  6289 | Sewer    | Reached ** piety under Zin
  6794 | D:6      | Reached *** piety under Zin
  7447 | D:6      | Found a staircase to the Ecumenical Temple.
  7456 | Temple   | Entered the Ecumenical Temple
  7645 | D:7      | Noticed Menkaure
  7673 | D:7      | Killed Menkaure
  7910 | D:7      | Noticed Joseph
  7915 | D:7      | HP: 2/53 [+4 spectral quarterstaff[Joseph] (11)]
  7915 | D:7      | Mangled by a +4 spectral quarterstaff

Illustrated notes

Levels and vault maps discovered:
D:1:      giann_horns, layout_basic, minmay_misc_feat_diagonals,
          kennysheep_flooded_box
D:2:      layout_rooms, basic_altar
D:3:      kennysheep_six_static_rooms, layout_rooms, uniq_crazy_yiuf_cottage,
          uniq_jessica
D:4:      layout_loops_ring, uniq_grinder, uniq_robin
D:5:      layout_basic, kennysheep_minor_cross, serial_bayou_crossing,
          uniq_duvessa, uniq_edmund, uniq_eustachio, uniq_sigmund
D:6:      layout_basic, lemuel_temple_firewalk_a, gup_sewer_entry_spiral
D:7:      layout_loops_ring, lemuel_doored_altar,
          gammafunk_temple_overflow_elements, minmay_misc_feat_alley,
          nicolae_shop_i_like_small_books_too, uniq_menkaure, uniq_joseph
Temple:   hellmonk_temple_of_storms

Skill      XL: |  1  2  3  4  5  6  7  8  9 |
---------------+----------------------------+-----
Conjurations   | 2 3 |  3.3
Fire Magic     | 4 5 6 7 8 |  8.0
Hexes          | 1 2 3 |  3.0
Spellcasting   | 3 4 |  4.0
Invocations    | 2 3 7 8 |  8.4
Fighting       | 1 |  1.4
Dodging        | |  2.6
Stealth        | |  2.8

Action                     |  1- 3 |  4- 6 |  7- 9 || total
---------------------------+-------+-------+-------++-------
  Melee: Dagger            |    14 |    13 |       ||    27
         Constrict         |     3 |     4 |       ||     7
         Tentacles         |     2 |     1 |       ||     3
   Fire: Triple crossbow   |       |     3 |    29 ||    32
  Throw: Javelin           |       |       |     1 ||     1
   Cast: Foxfire           |    46 |    26 |    83 ||   155
         Scorch            |     2 |    21 |    56 ||    79
         Inner Flame       |     1 |     2 |    16 ||    19
         Volatile Blastmot |       |       |     8 ||     8
 Invoke: Recite            |       |       |     7 ||     7
    Use: Scroll            |     3 |     5 |     7 ||    15
         Potion            |       |       |     1 ||     1
   Stab: Sleeping          |     3 |       |       ||     3
 Armour: Skin              |     5 |    13 |    34 ||    52
  Dodge: Dodged            |     3 |    19 |    22 ||    44
  Block: Other             |     4 |     8 |    12 ||    24
         Reflection        |       |       |     4 ||     4
